[Event "Gibraltar Challengers A 2020"]
[Site "Caleta"]
[Date "2020.01.23"]
[Round "4.21"]
[White "Paul, Nathanael"]
[Black "Hamer, Martyn"]
[Result "0-1"]
[ECO "A45"]
[WhiteElo "1987"]
[BlackElo "2069"]
[Annotator "NA"]
[PlyCount "142"]
[EventDate "2020.01.20"]
[EventType "swiss"]
[EventCountry "GGB"]
[SourceTitle "playchess.com"]
[Source "ChessBase"]
[SourceQuality "1"]
[TimeControl "6600+10"]

1. d4 Nf6 2. Bf4 g6 3. Nc3 d5 4. e3 Bg7 5. h4 O-O (5... c6 6. Be2 Qb6 7. Rb1 h5 8. Nf3 Bg4 9. Ne5 Bxe2 10. Qxe2 Nbd7 11. Qf3 Qa6 {0-1 (32) Karjakin,S (2750)-Yu,Y (2752) Saint Louis 2019}) 6. h5 {[%emt 0:00:50] A45: Trompowsky Attack} c5 7. hxg6 fxg6 8. dxc5 Nc6 9. Nf3 Qa5 $146 ({Predecessor:} 9... Bg4 10. Be2 Qa5 11. Ng5 Bxe2 12. Qxe2 {0-1 (45) Khandhar,K (1957)-Li,G (2131) Penang 2019}) 10. Qd2 Qxc5 11. Be2 Bf5 12. O-O Rad8 13. Nd4 Ne4 14. Nxe4 dxe4 15. Qc3 Qxc3 16. bxc3 e5 17. Bc4+ Kh8 18. Nxc6 bxc6 19. Bg5 Rd2 20. Bb3 Bg4 21. Be7 Re8 22. Bb4 Bf8 23. Ba5 c5 24. c4 Rd6 25. Bc7 (25. Ba4 $14 Rc8 26. Bc3) 25... Ra6 26. f3 exf3 27. gxf3 Bc8 28. Rad1 Kg7 29. Rd5 Kf6 30. f4 (30. e4 $11) 30... exf4 31. Rxf4+ Kg7 32. Kf2 Be6 33. Rd8 Rxd8 34. Bxd8 Bd7 35. c3 Re6 36. Bd1 Bd6 37. Bg4 Bxf4 38. Bxe6 Bxe3+ 39. Kxe3 Bxe6 40. Be7 (40. Kd3 $17) 40... Bxc4 41. Bxc5 a6 ({Don't play} 41... Bxa2 42. Bxa7 Kf6 43. c4 $15) 42. a3 g5 43. Kf3 Kg6 44. Ke4 h5 45. Bf2 h4 46. a4 (46. Bb6 {might work better.}) 46... Kh5 47. a5 Kg4 48. Bc5 Bb5 $2 (48... Kg3 $19 49. Bd6+ Kh3) 49. Bd6 $2 (49. Be7 $17) 49... Kh3 50. Be7 g4 51. Kf4 Bc6 52. Kg5 g3 53. Bc5 g2 54. Bf2 Bd5 55. Kh5 Bc4 56. Kg5 Be2 57. Bc5 Bb5 58. Bf2 Bc4 59. Kh5 Be6 60. Kg5 Bf7 61. Bc5 Kg3 62. Bd6+ Kf3 63. Bh2 h3 64. Kh4 Be6 65. Bg1 Bd7 66. c4 Bc8 67. c5 Be6 68. c6 Bc8 69. c7 Bd7 70. Bh2 Kf2 71. Kg5 g1=Q+ 0-1

[Event "Gibraltar Challengers A 2020"]
[Site "Caleta"]
[Date "2020.01.23"]
[Round "4.22"]
[White "Hari Charan Sai Kalluri"]
[Black "Huguet, Sergio"]
[Result "1-0"]
[ECO "B08"]
[WhiteElo "1836"]
[BlackElo "2055"]
[Annotator "NA"]
[PlyCount "63"]
[EventDate "2020.01.20"]
[EventType "swiss"]
[EventCountry "GGB"]
[SourceTitle "playchess.com"]
[Source "ChessBase"]
[SourceQuality "1"]
[TimeControl "6600+10"]

1. d4 Nf6 2. Nf3 g6 3. Nc3 Bg7 4. e4 d6 5. Be2 O-O 6. Bg5 h6 7. Bh4 g5 {[%emt 0:02:38] B08: Pirc Defence: Classical System} (7... c5 8. Qd2 cxd4 9. Nxd4 Nc6 10. f3 Nxd4 11. Qxd4 g5 12. Bg3 Nh5 13. Qb4 a5 14. Qb3 Be6 15. Nd5 {0-1 (27) Chamekh,A (1981)-Boudriga,M (2366) Hammamet 2019}) 8. Bg3 Nh5 9. Qd3 Nxg3 10. hxg3 e5 11. dxe5 dxe5 12. Qxd8 Rxd8 13. Nd5 Na6 $146 ({Predecessor:} 13... Rd7 14. O-O-O c6 15. Ne7+ Rxe7 {1-0 (27) Contedini,E-Vuruna,M Imperia 1968}) 14. Bxa6 bxa6 15. Nxc7 Rb8 16. Nd5 Be6 17. Ne7+ Kf8 18. Nc6 $1 {[%emt 0:01:10] Double Attack} Rdc8 19. Nxb8 Rxb8 20. O-O-O f5 21. Rd6 Ke7 22. Rxa6 Rb7 23. exf5 Bxf5 24. Re1 e4 25. c3 Kf7 26. Nd2 Re7 27. Ra4 h5 28. Nxe4 Kf8 29. f3 g4 30. Ra5 Bh6+ 31. Kc2 Bg6 32. b4 $18 1-0

[Event "Gibraltar Challengers A 2020"]
[Site "Caleta"]
[Date "2020.01.23"]
[Round "4.23"]
[White "Martinez Lopez, Jaume"]
[Black "O`Neil, Jim"]
[Result "1/2-1/2"]
[ECO "A80"]
[WhiteElo "2042"]
[BlackElo "1870"]
[Annotator "NA"]
[PlyCount "86"]
[EventDate "2020.01.20"]
[EventType "swiss"]
[EventCountry "GGB"]
[SourceTitle "playchess.com"]
[Source "ChessBase"]
[SourceQuality "1"]
[TimeControl "6600+10"]

1. d4 f5 2. Bg5 h6 3. Bh4 g5 4. Bg3 Nf6 5. h4 (5. e3 d6 6. Nc3 e6 7. h4 Rg8 8. hxg5 hxg5 9. f3 Nc6 10. Qd2 Qe7 11. O-O-O Bd7 12. e4 O-O-O 13. Nge2 a6 14. exf5 {½-½ (53) Harikrishna,P (2748)-Kociscak,J (2499) Czech Republic 2019}) 5... g4 6. h5 {[%emt 0:01:23] A80: Dutch Defence: Unusual White second moves} d6 $146 ({Predecessor:} 6... Bg7 7. e3 d6 8. Nc3 O-O 9. Nge2 Be6 10. Qd3 Qc8 11. d5 Bf7 12. Nd4 {½-½ (45) Fominykh,M (2305)-Ambarcumova,K (2228) Moscow 2008}) 7. Nc3 Be6 8. Qd3 Qd7 9. e4 fxe4 10. Nxe4 Nxe4 11. Qxe4 c6 12. Bd3 Na6 13. Qe2 Bf5 14. Bxf5 Qxf5 15. Bxd6 O-O-O 16. Be5 Rg8 17. O-O-O Nb4 (17... Bg7 $11 {keeps the balance.}) 18. Kb1 Bg7 19. f4 gxf3 (19... Bxe5 $11 {keeps the balance.} 20. fxe5 Qf7) 20. Nxf3 Bf6 21. Nh4 ({White should play} 21. a3 $16 Nd5 22. Qd2) 21... Qe6 $1 22. b3 Nd5 $1 23. Qc4 Bxe5 24. Rde1 $1 {[%emt 0:01:28] Pin} Rg3 25. Rxe5 Qg4 26. Nf5 Rc3 27. Qe2 Rxb3+ 28. Ka1 Qxe2 29. Rxe2 Ra3 30. Kb2 Rxa2+ 31. Kb3 ({White must play} 31. Kxa2 $16 Nc3+ {[%mdl 64] Double Attack} 32. Kb3 Nxe2 33. c3) 31... Ra5 32. Nxh6 Nf6 (32... Rb5+ $15 {keeps the upper hand.} 33. Ka3 Nc3) 33. Re5 Rdd5 34. Nf7 Rdb5+ {[%emt 0:01:24] [#]} 35. Kc3 $2 {[%emt 0:00:51] [#]} (35. Kc4 $1 $16 {is forced if you want to stay better.}) 35... Ra3+ $1 36. Kd2 Rxe5 37. Nxe5 $2 (37. dxe5 Ne4+ 38. Ke2 Ng3+ {[%mdl 64] Double Attack} 39. Kd2 Nxh1 40. h6) 37... Ne4+ 38. Ke2 Ng3+ {[%emt 0:00:06] Double Attack} 39. Kd2 $19 Ne4+ 40. Ke2 Ng3+ 41. Kd2 Nxh1 42. h6 Rg3 43. h7 Rxg2+ 1/2-1/2

[Event "Gibraltar Challengers A 2020"]
[Site "Caleta"]
[Date "2020.01.23"]
[Round "4.25"]
[White "Kukic, Boris"]
[Black "Perez Ruiz, Santiago"]
[Result "1-0"]
[ECO "C54"]
[WhiteElo "2056"]
[BlackElo "1953"]
[Annotator "NA"]
[PlyCount "99"]
[EventDate "2020.01.20"]
[EventType "swiss"]
[EventCountry "GGB"]
[SourceTitle "playchess.com"]
[Source "ChessBase"]
[SourceQuality "1"]
[TimeControl "6600+10"]

1. e4 e5 2. Nf3 Nc6 3. Bc4 Bc5 4. c3 Nf6 5. d3 d6 6. h3 h6 7. O-O O-O 8. d4 {[%emt 0:00:19] C54: Giuoco Piano: 4 c3 Nf6, main lines with 5 d4 and 5 d3} (8. Re1 a6 9. a4 a5 10. Nbd2 Be6 11. b3 Re8 12. Bb5 Bd7 13. Bb2 Ba7 14. Nf1 Ne7 15. Bxd7 Qxd7 16. Ng3 {1-0 (40) Le,Q (2713)-Vidit,S (2721) Moscow 2019}) 8... exd4 9. cxd4 Bb6 10. Nc3 a6 (10... Nxe4 $1 $11 {keeps the balance.} 11. Re1 (11. Nxe4 d5 $15 {[%mdl 64] Double Attack}) 11... Nxc3 12. bxc3 Qf6) 11. Re1 Bd7 12. a3 Re8 $146 ({Predecessor:} 12... Ne7 13. e5 Nh5 14. Nh2 g6 15. Bxh6 Ng7 16. Bg5 Ne6 17. Bf6 Re8 18. Nd5 dxe5 19. Qd2 {1-0 (19) Nguyen,T-Nguyen,D Ho Chi Minh City 2016}) 13. Ba2 Qb8 14. Qd3 Qa7 15. Be3 Ne7 16. Rac1 Rad8 {[%emt 0:00:59] [#]} 17. Qc2 (17. Qd2 $1 $18) 17... Ng6 18. e5 Nxe5 19. dxe5 dxe5 20. Bxb6 Qxb6 21. Rxe5 Bc6 22. Rxe8+ Rxe8 23. Qb3 Qxb3 24. Bxb3 Bxf3 25. gxf3 Nh5 26. Ne4 Re7 27. Rd1 Nf4 28. Kh2 Kh7 29. Ng3 g6 30. Rd4 g5 31. Bd5 c5 32. Be4+ f5 33. Nxf5 cxd4 34. Nxe7+ Kg7 35. Nf5+ Kf6 36. Nxd4 Ke5 37. Nf5 h5 38. Ne7 b6 39. Ng6+ Kd4 40. Nxf4 gxf4 41. h4 Kc4 42. Bg6 Kb3 $18 43. Bxh5 b5 44. Bg6 Kxb2 45. h5 Kxa3 46. h6 a5 47. h7 b4 48. h8=Q a4 49. Qa1+ Kb3 50. Bf7+ 1-0

[Event "Gibraltar Challengers A 2020"]
[Site "Caleta"]
[Date "2020.01.23"]
[Round "4.26"]
[White "Karlsson, Jorgen"]
[Black "Aura, Kristian"]
[Result "1-0"]
[ECO "B13"]
[WhiteElo "2054"]
[BlackElo "1928"]
[Annotator "NA"]
[PlyCount "73"]
[EventDate "2020.01.20"]
[EventType "swiss"]
[EventCountry "GGB"]
[SourceTitle "playchess.com"]
[Source "ChessBase"]
[SourceQuality "1"]
[TimeControl "6600+10"]

1. d4 d5 2. Bf4 c5 3. e3 cxd4 4. exd4 Nc6 5. c3 Bf5 6. Nd2 {[%emt 0:02:57] B13: Caro-Kann: Exchange Variation and Panov-Botvinnik Attack} e6 7. Ngf3 Nge7 (7... Bd6 8. Bxd6 Qxd6 9. Nh4 Bg6 10. g3 Nf6 11. Nxg6 hxg6 12. Bd3 O-O-O 13. Nf3 {½-½ (55) Duda,J (2758)-Artemiev,V (2731) Moscow 2019}) 8. h3 Ng6 9. Bh2 Bd6 10. Bxd6 $146 ({Predecessor:} 10. Bb5 Bxh2 11. Nxh2 h5 12. O-O Nf4 13. Ndf3 {½-½ (27) Neverov,V (2496)-Atakisi,U (2403) Skopje 2019}) 10... Qxd6 11. g3 O-O 12. Bg2 f6 13. O-O e5 14. Nb3 e4 15. Nh2 Rae8 16. Qh5 Bc8 17. f4 b6 18. Ng4 a5 19. Ne3 Ba6 20. Rfe1 $2 (20. Qxd5+ $16 Qxd5 21. Nxd5 Bxf1 22. Bxf1) 20... Nge7 21. Nd2 g6 22. Qh6 f5 23. Bf1 Bxf1 24. Rxf1 Qf6 25. Rf2 Nxd4 26. cxd4 Qxd4 27. Ndf1 Qb4 $2 (27... Qf6 $11) 28. Rd1 Rd8 {[%emt 0:02:02] [#]} 29. Nc2 $1 Qd6 30. Nfe3 Rd7 31. Nd4 Rc8 32. g4 Kh8 33. gxf5 Rg8 34. Kh2 Qf6 35. Ng4 Qd6 36. Ne5 Nxf5 $18 37. Nxf5 {[%emt 0:00:17] Pin} 1-0

[Event "Gibraltar Challengers A 2020"]
[Site "Caleta"]
[Date "2020.01.23"]
[Round "4.27"]
[White "Gostelow, David W"]
[Black "Hladik, Lumir"]
[Result "1-0"]
[ECO "A47"]
[WhiteElo "1901"]
[BlackElo "2018"]
[Annotator "NA"]
[PlyCount "109"]
[EventDate "2020.01.20"]
[EventType "swiss"]
[EventCountry "GGB"]
[SourceTitle "playchess.com"]
[Source "ChessBase"]
[SourceQuality "1"]
[TimeControl "6600+10"]

1. d4 Nf6 2. Bf4 ({Predecessor:} 2. Nf3 e6 3. Bf4 d6 4. e3 Nbd7 5. h3 b6 6. c4 Bb7 7. Nc3 Be7 8. Be2 O-O 9. Qc2 Re8 {1-0 (34) Flament,F (2190)-Gregoire,T (2005) Bethune 2000}) 2... e6 3. e3 b6 4. Nf3 Bb7 5. Be2 Be7 6. h3 O-O 7. O-O d6 8. c4 {[%emt 0:00:40] A47: 1 d4 Nf6 2 Nf3 b6: Torre, London and Colle Systems} Nbd7 9. Nc3 Re8 10. Qc2 Nf8 $146 (10... Bf8 11. Rfd1 Qc8 12. Bh2 e5 13. Rac1 g6 14. b4 Bg7 15. Qb3 h6 {1-0 (26) Grischuk,A (2795)-Kosteniuk,A (2541) Sochi 2014}) 11. Rfd1 Ng6 12. Bh2 Bf8 13. b4 c6 14. a4 Qc7 15. Rd2 Rad8 16. Qd1 Qc8 17. a5 Nd7 (17... c5 $14) 18. axb6 axb6 19. Ra7 Nb8 20. Ra1 Be7 21. Qb3 Rd7 (21... c5 $16 {keeps fighting.}) 22. Na4 Bd8 23. b5 cxb5 (23... c5 $16) 24. cxb5 (24. Qxb5 $18 {and White stays clearly on top.} Bc6 25. Qb3 (25. Nxb6 Qb7 $16)) 24... Be4 25. Nc3 Bb7 (25... Bxf3 $1 $14 26. Bxf3 d5) 26. Rc2 Be7 27. Rac1 Qd8 28. Na2 Bd5 29. Bc4 Be4 30. Rc3 d5 31. Be2 Bxf3 32. Bxf3 Bd6 33. Bxd6 Rxd6 34. Nb4 Nh4 35. Be2 Qg5 36. g3 Nf5 37. Kh2 h5 38. h4 Qf6 39. Nd3 g5 40. hxg5 Qxg5 41. Ne5 h4 42. g4 Ne7 43. f4 Qg7 44. Kh3 f6 45. Nf3 Kf7 $2 (45... Rd7 {was necessary.} 46. Bd3 (46. Nxh4 Kf7 $16) 46... Kf7) 46. Rc7 ({Less strong is} 46. Nxh4 Rh8 $16) 46... Nd7 $2 (46... Rd7 47. Rxd7 (47. Nxh4 Rh8 $16) 47... Nxd7) 47. Qb4 Nf5 48. Rg1 Qf8 49. gxf5 exf5 {[%emt 0:00:13] [#]} 50. Ne5+ $1 fxe5 51. dxe5 Ree6 52. Bh5+ Ke7 53. exd6+ Kd8 54. Qa3 Rxd6 {[%emt 0:00:57] [#]} 55. Rc6 $18 (55. Rxd7+ $142 $1 Kxd7 (55... Rxd7 56. Qxf8+) 56. Qa7+ Kd8 57. Qb8+ Kd7 58. Qxf8 Rg6 59. Rxg6 d4 60. Qf7+ Kd8 61. Rg8#) 1-0

[Event "Gibraltar Challengers A 2020"]
[Site "Caleta"]
[Date "2020.01.23"]
[Round "4.28"]
[White "Verhoef, Jaap"]
[Black "Fischer, Robert"]
[Result "1-0"]
[ECO "B15"]
[WhiteElo "2015"]
[BlackElo "1923"]
[Annotator "NA"]
[PlyCount "53"]
[EventDate "2020.01.20"]
[EventType "swiss"]
[EventCountry "GGB"]
[SourceTitle "playchess.com"]
[Source "ChessBase"]
[SourceQuality "1"]
[TimeControl "6600+10"]

1. e4 c6 2. d4 d5 3. Nd2 dxe4 4. Nxe4 Nf6 5. Nxf6+ exf6 6. Ne2 {[%emt 0:03:32] B15: Caro-Kann: 3 Nc3: 3...g6 and 3...dxe4 4 Nxe4 Nf6 5 Nxf6+ exf6} (6. c3 Bd6 7. Bd3 O-O 8. Qc2 Re8+ 9. Ne2 h5 10. O-O h4 11. h3 Nd7 12. Bf4 Nf8 13. Qd2 Ng6 14. Bxd6 Qxd6 15. Rae1 Be6 16. Bxg6 fxg6 {½-½ (30) Popov,I (2636)-Artemiev,V (2731) Moscow 2019}) 6... Bd6 7. Bf4 O-O 8. Qd2 Be6 9. Nc3 Re8 10. O-O-O $146 ({Predecessor:} 10. Be2 Bxf4 11. Qxf4 Bc4 12. Qd2 Bxe2 13. Nxe2 Qe7 {½-½ (49) Weiler,W-Epding,V Cologne 1994}) 10... Bb4 11. a3 Qa5 12. axb4 Qa1+ 13. Nb1 Ba2 14. Qc3 Bxb1 15. Kd2 a5 16. Bc4 axb4 17. Qxb4 Qa7 18. Bxf7+ Kxf7 19. Rxb1 Na6 (19... Qa4 $16 20. Qxa4 (20. Qxb7+ Re7 $16) 20... Rxa4) 20. Qc4+ Kg6 21. h4 Rad8 $2 (21... h6 $16 22. c3 (22. Qd3+ Kf7 $18) 22... Kh7) 22. h5+ Kf5 23. Be3 Nc5 24. g4+ Kxg4 25. d5+ $2 (25. Rbg1+ {mates} Kf5 {[#]} 26. Rg5+ $1 fxg5 27. Qf7+ {[%mdl 64] Double Attack} Kg4 28. Rg1+ Kh4 29. Bxg5+ {[%mdl 64] Double Attack} Kh3 30. Qf3+ Kh2 31. Rh1#) 25... Re4 $2 {[%emt 0:00:41] [#]} (25... Ne4+ 26. Qxe4+ Rxe4 27. Bxa7 Kf5) 26. f3+ $1 {[%emt 0:00:25] Double Attack, Pin} Kxf3 27. Qf1+ {[%emt 0:00:26] Kxe3+} 1-0

[Event "Gibraltar Challengers A 2020"]
[Site "Caleta"]
[Date "2020.01.23"]
[Round "4.29"]
[White "Hng, Mei-Xian Eunice"]
[Black "Skutta, Bernd"]
[Result "1-0"]
[ECO "B08"]
[WhiteElo "1661"]
[BlackElo "1998"]
[Annotator "NA RC"]
[PlyCount "113"]
[EventDate "2020.01.20"]
[EventType "swiss"]
[EventCountry "GGB"]
[SourceTitle "playchess.com"]
[Source "ChessBase"]
[SourceQuality "1"]
[TimeControl "6600+10"]

1. e4 g6 2. d4 Bg7 3. Nc3 c6 4. Nf3 d6 5. h3 Nf6 6. Be2 O-O 7. O-O Nbd7 8. e5 Ne8 9. Bg5 {[%emt 0:10:17] B08: Pirc Defence: Classical System} (9. Re1 dxe5 10. dxe5 Nc7 11. Bf4 Nb6 12. Qc1 Ne6 13. Bh6 Nd5 14. Ne4 f5 15. Ng3 b5 16. Bxg7 Kxg7 17. c4 bxc4 18. Bxc4 {½-½ (37) Sheng,J (2483)-Gabuzyan,H (2610) Greensboro 2019}) 9... f6 10. exf6 exf6 11. Be3 d5 12. Qd2 Rf7 $146 ({Predecessor:} 12... g5 13. Nh2 Nd6 14. f4 h6 15. fxg5 hxg5 16. b3 Nf7 {0-1 (34) Roebers,J (2097)-Lanchava,T (2314) Hilversum 2019}) 13. a4 Nd6 14. Bf4 Nf8 15. Bd3 Ne6 16. Bg3 f5 17. Ne5 Rf8 18. Ne2 $1 Ne4 19. Bxe4 $1 dxe4 20. Rad1 g5 21. f4 Bxe5 22. dxe5 Qb6+ 23. Kh2 Qxb2 24. fxg5 Rd8 (24... Qa3 {is a better defense.} 25. g6 hxg6) 25. Qxd8+ Nxd8 26. Rxd8+ Kg7 $2 {[%emt 0:01:41] [#]} (26... Kf7 27. Rfd1 Qxc2) 27. e6 $1 Bxe6 28. Rxa8 Qxc2 29. Nd4 Qc4 30. Nxe6+ Qxe6 31. Rxa7 e3 32. Rxb7+ Kg6 33. Rbb1 Qe4 34. a5 f4 35. Bh4 e2 $2 (35... Kh5 36. a6 e2) 36. Rfe1 Kh5 37. Bf2 f3 38. g3 Qd3 39. Ra1 Qa6 40. h4 h6 41. gxh6 Kxh6 42. Ra3 Kh5 43. Rxf3 Qxa5 44. Re3 Kg4 45. R1xe2 Qb5 46. Re4+ Kf3 47. R4e3+ Kg4 48. Rd2 c5 49. Rc3 c4 50. Rd4+ Kf5 51. Rdxc4 Qb2 52. Kg2 Qb7+ 53. Rf3+ Kg6 54. Rcf4 Qa8 55. g4 Qb7 56. h5+ Kg7 57. Rf7+ 1-0

[Event "Gibraltar Challengers A 2020"]
[Site "Caleta"]
[Date "2020.01.23"]
[Round "4.30"]
[White "Alami, Halim"]
[Black "Hermes, Geoff R"]
[Result "1-0"]
[ECO "B07"]
[WhiteElo "1987"]
[BlackElo "1832"]
[Annotator "NA"]
[PlyCount "35"]
[EventDate "2020.01.20"]
[EventType "swiss"]
[EventCountry "GGB"]
[SourceTitle "playchess.com"]
[Source "ChessBase"]
[SourceQuality "1"]
[TimeControl "6600+10"]

1. e4 d6 2. d4 Nf6 3. Bd3 e5 4. c3 Be7 5. Ne2 O-O 6. O-O c6 7. f4 Nbd7 8. Nd2 Re8 9. Nf3 Bf8 10. Ng3 $14 Qc7 11. fxe5 dxe5 12. Ng5 Nb6 13. Nh5 Ng4 14. Rxf7 Qxf7 15. Nxf7 Kxf7 16. h3 Nf6 17. Nxf6 gxf6 18. Qh5+ 1-0

[Event "Gibraltar Challengers A 2020"]
[Site "Caleta"]
[Date "2020.01.23"]
[Round "4.31"]
[White "Herzwurm, Robert"]
[Black "Kunnavakkam, Sudarshanagopal Vin"]
[Result "1-0"]
[ECO "B23"]
[WhiteElo "1979"]
[BlackElo "1786"]
[Annotator "NA"]
[PlyCount "43"]
[EventDate "2020.01.20"]
[EventType "swiss"]
[EventCountry "GGB"]
[SourceTitle "playchess.com"]
[Source "ChessBase"]
[SourceQuality "1"]
[TimeControl "6600+10"]

1. e4 c5 2. Nc3 Nc6 3. f4 g6 4. Nf3 Bg7 5. Bb5 a6 (5... Nd4 $11) 6. Bxc6 $1 dxc6 7. O-O {[%emt 0:01:11] B23: Closed Sicilian: Lines without g3} (7. e5 Nh6 8. O-O O-O 9. Kh1 Nf5 10. Ne4 b6 11. d3 a5 12. Bd2 Ba6 13. b3 Bh6 14. g4 Nd4 15. Nxd4 cxd4 {1-0 (35) Da Silva,F (1847)-Silveira,J (1661) Fortaleza 2019}) 7... Nf6 8. d3 O-O 9. Qe1 Re8 10. Kh1 $146 ({Predecessor:} 10. Qh4 Nh5 11. g4 Nf6 12. f5 Nd7 13. Bh6 Bh8 14. Ng5 Bd4+ 15. Kh1 Bf6 16. fxg6 fxg6 17. Rf2 {1-0 (17) Garcia,L-Rios,J Yumbo 2009}) 10... Nd7 11. f5 e6 12. fxg6 hxg6 13. e5 f6 14. Qg3 Nf8 15. Ne4 b6 16. exf6 Bxf6 {[%emt 0:01:22] [#]} 17. Ne5 $1 Bxe5 18. Qxe5 Nh7 19. Bh6 Ra7 {[%emt 0:01:02] [#]} 20. Rf6 $18 Nxf6 21. Nxf6+ Kf7 22. Rf1 {[%emt 0:06:25] Decoy} 1-0

[Event "Gibraltar Challengers A 2020"]
[Site "Caleta"]
[Date "2020.01.23"]
[Round "4.32"]
[White "Niharika Ch"]
[Black "Tkadlecek, Petr"]
[Result "1-0"]
[ECO "B08"]
[WhiteElo "1865"]
[BlackElo "1775"]
[Annotator "NA"]
[PlyCount "77"]
[EventDate "2020.01.20"]
[EventType "swiss"]
[EventCountry "GGB"]
[SourceTitle "playchess.com"]
[Source "ChessBase"]
[SourceQuality "1"]
[TimeControl "6600+10"]

1. e4 c6 2. d4 g6 3. Nc3 Bg7 4. Nf3 d6 5. Be3 Nf6 6. h3 O-O 7. Qd2 a5 8. a4 Na6 9. Bc4 {[%emt 0:01:10] B08: Pirc Defence: Classical System} Nb4 10. Bb3 b6 11. Rd1 $146 ({Predecessor:} 11. O-O Ba6 12. Rfe1 Qc7 13. Bf4 Nh5 14. Bh6 Rad8 15. Bxg7 Kxg7 {1-0 (25) Pavlov,M (2371)-Belikov,V (2506) Alushta 2009}) 11... Ba6 12. Bh6 e6 13. Qf4 Nh5 14. Qg5 (14. Qe3 $11 {remains equal.}) 14... Qxg5 15. Bxg5 h6 (15... c5 $15 16. g4 Nf6 17. dxc5 dxc5) 16. Be7 {[%emt 0:00:50] Double Attack} Rfc8 17. Bxd6 Nf6 18. e5 Nfd5 19. Ne2 Bf8 20. Bxf8 Bxe2 21. Kxe2 Kxf8 22. Rhe1 ({White should play} 22. c3 $16 Nf4+ 23. Kf1) 22... Nf4+ 23. Kf1 g5 24. Re4 Kg7 25. h4 Kg6 (25... Ng6 $142 26. hxg5 h5) 26. g3 Kf5 (26... Nfd5 $142 27. c3 Na6 28. hxg5 hxg5) 27. Rde1 Nh3 28. c3 Nd3 29. Bc2 Nhxf2 30. R4e3 Kg4 31. Bxd3 $18 Nxd3 32. Rxd3 Kxg3 33. Nxg5+ Kxh4 34. Nxf7 Rf8 35. Re4+ Kh5 36. Rf4 Ra7 37. Rh3+ Kg6 38. Rf6+ Kg7 39. Rg3+ 1-0

[Event "Gibraltar Challengers A 2020"]
[Site "Caleta"]
[Date "2020.01.23"]
[Round "4.33"]
[White "Garcia-Blazquez Perez, Manuel"]
[Black "Nergard, Ole-Kristian"]
[Result "1-0"]
[ECO "B76"]
[WhiteElo "1825"]
[BlackElo "1667"]
[Annotator "NA"]
[PlyCount "66"]
[EventDate "2020.01.20"]
[EventType "swiss"]
[EventCountry "GGB"]
[SourceTitle "playchess.com"]
[Source "ChessBase"]
[SourceQuality "1"]
[TimeControl "6600+10"]

1. e4 c5 2. Nf3 d6 3. d4 cxd4 4. Nxd4 Nf6 5. Nc3 g6 6. Be3 Bg7 7. f3 Nc6 8. Qd2 O-O 9. O-O-O d5 10. Kb1 ({White should play} 10. exd5 $16 Nxd5 11. Nxc6 bxc6 12. Nxd5 cxd5 13. Qxd5) 10... Nxd4 11. e5 {[%emt 0:00:17] [#]} Nxf3 $1 12. gxf3 {[%emt 0:01:29] B76: Sicilian Dragon: Yugoslav Attack, 9 g4 and 9 0-0-0} Nd7 (12... Nh5 13. Nxd5 Be6 14. Bc4 Bxe5 15. Bh6 Bg7 16. Bxg7 Nxg7 17. Qb4 Bxd5 18. Bxd5 Qc7 19. Qxb7 Rac8 20. Qxc7 Rxc7 {½-½ (45) Oskulski,J (2495)-Haugen,A (2591) ICCF email 2007}) 13. f4 (13. Nxd5 $16 Bxe5 14. Bg5) 13... e6 14. Nb5 $146 ({Predecessor:} 14. h4 h5 15. Be2 b6 16. Rdg1 Bb7 17. Bd4 Kh7 18. Bxh5 Bh6 19. Be2 Rg8 {1-0 (28) Plenca,J (2353)-Kinez,I (2098) Zagreb 2013}) 14... f6 15. c4 a6 $2 (15... fxe5 $17 16. cxd5 exf4 17. Bxf4 Nf6 18. dxe6 Bxe6) 16. cxd5 exd5 17. Qxd5+ Kh8 18. Na7 Rxa7 19. e6 Ra8 20. exd7 Bxd7 21. Qxd7 Qa5 22. Qd2 Qa4 23. Qc2 Qe8 24. Bd4 Rc8 25. Qe2 Qf7 26. Bg2 b5 27. h4 a5 28. h5 a4 29. hxg6 Qxg6+ $18 30. f5 Qf7 31. Qh5 Qxh5 32. Rxh5 Rc4 33. Bd5 Rc7 1-0

[Event "Gibraltar Challengers A 2020"]
[Site "Caleta"]
[Date "2020.01.23"]
[Round "4.36"]
[White "Campuzano, Franco"]
[Black "Brown, David"]
[Result "1-0"]
[ECO "C47"]
[WhiteElo "1785"]
[BlackElo "1916"]
[Annotator "NA"]
[PlyCount "119"]
[EventDate "2020.01.20"]
[EventType "swiss"]
[EventCountry "GGB"]
[SourceTitle "playchess.com"]
[Source "ChessBase"]
[SourceQuality "1"]
[TimeControl "6600+10"]

1. e4 e5 2. Nf3 Nc6 3. Nc3 Nf6 4. g3 d6 5. Bg2 g6 (5... Be7 6. O-O O-O 7. d3 a6 8. Ne1 b5 9. f4 Rb8 10. Nd5 exf4 11. Nxe7+ Nxe7 12. Bxf4 Nd7 13. Nf3 Bb7 14. a4 b4 15. a5 {0-1 (47) Golubov,S (2497)-Maghsoodloo,P (2501) Poprad 2016}) 6. O-O {[%emt 0:00:19] C47: Scotch Four Knights and Four Knights with 4 g3} Bg7 7. b3 O-O 8. Bb2 h6 $146 ({Predecessor:} 8... Be6 9. Re1 Qd7 10. Ng5 Bg4 11. f3 Be6 12. Nxe6 Qxe6 {0-1 (24) Hubert,N (957)-Zinnikus,E (776) Willingen 2017}) 9. d3 Bg4 10. h3 Be6 11. Ne2 Qc8 12. Kh2 Rd8 13. d4 d5 14. Nxe5 Nxe5 15. dxe5 dxe4 16. Qc1 Nd5 17. Nf4 Nxf4 18. Qxf4 c6 19. Rad1 Rd5 20. Qxe4 Ra5 21. a3 Bf5 {[%emt 0:03:24] [#]} 22. Qe1 (22. Qe2 $1 $18 {has better winning chances.}) 22... Qc7 23. b4 Ra4 24. Qc3 Be6 25. Rd2 a5 26. bxa5 R8xa5 27. f4 Qb6 28. Rfd1 Rc4 29. Qd3 Bf8 30. Bc1 Rac5 31. Be4 Rc3 32. Qe2 Bc4 33. Qg4 h5 34. Qg5 Bd5 $2 (34... Rd5 $1 $14) 35. Bxg6 fxg6 36. Qxg6+ Bg7 {[%emt 0:00:02] [#]} 37. e6 $1 Re3 $2 (37... Qc7 $16 {is more resistant.}) 38. Qf7+ Kh7 39. Qxh5+ Kg8 40. c4 Rxc4 41. Qf7+ Kh8 42. Qh5+ Kg8 43. Qf7+ Kh8 44. Qe8+ Kh7 45. Qh5+ Kg8 46. Qf7+ Kh7 47. f5 $2 ({White has to play} 47. Bb2 $1 $18 Rxg3 {[%mdl 64] Decoy} 48. Kxg3 Qe3+ 49. Kh2 Qxf4+ 50. Qxf4 Rxf4 51. Re1) 47... Rce4 $1 $11 {[%emt 0:00:28] and Black is okay.} 48. Qg6+ (48. Rg2 Re1 49. Rxd5 R4e2 50. Qh5+ Kg8 51. Qxe2 Qg1+ 52. Rxg1 Rxe2+ 53. Rg2 Rxg2+ 54. Kxg2 cxd5) 48... Kh8 49. Qh5+ Kg8 50. Qf7+ $2 ({White should try} 50. Qe8+ $18 Kh7 51. Rg2 Rxe6 52. Bxe3 Rxe8 53. Bxb6) 50... Kh8 $18 51. Qh5+ $2 Kg8 52. f6 Bxf6 53. Qf7+ Kh8 54. Qxf6+ Kg8 55. Qf7+ Kh8 56. Bb2+ Qxb2 57. Rxb2 Re2+ 58. Rxe2 Rxe2+ 59. Kg1 Rxe6 60. Rxd5 1-0